 Dungeon Crawl Stone Soup version 0.20.1-1-g8b1a95d66d (webtiles) character file.

6388 NullDivider the Covert (level 10, -6/71 HPs)
             Began as an Octopode Artificer on Nov 23, 2017.
             Was a Priest of Nemelex Xobeh.
             Mangled by a two-headed ogre
             ... wielding a +0 giant spiked club
              (14 damage)
             ... on level 9 of the Dungeon.
             The game lasted 01:02:58 (10877 turns).

NullDivider the Covert (Octopode Artificer)        Turns: 10877, Time: 01:03:02

Health: -6/71      AC:  1    Str: 22    XL:     10   Next: 97%
Magic:  16/16      EV: 18    Int: 13    God:    Nemelex Xobeh [***...]
Gold:   416        SH:  0    Dex: 16    Spells: 9/9 levels left

rFire    . . .     SeeInvis .   z - +4 dagger (venom)
rCold    . . .     Gourm    .   (no shield)
rNeg     + + +     Faith    +   (helmet restricted)
rPois    .         Spirit   .   B - amulet "Amioho" {Faith *Slow rN++ Str+10 Dex-5}
rElec    .         Reflect  .   x - ring of positive energy
rCorr    +         Harm     .   n - ring of flight
MR       .....                  j - ring of resist corrosion
Stlth    ++++++....             L - +5 ring of dexterity
Regen    0.3/turn               (no ring)
MPRegen  0.2/turn               (no ring)
                                (no ring)
                                (no ring)

@: no status effects
A: almost no armour, stealthy swim, amphibious, 8 rings, constrict 8, camouflage
1, gelatinous body 1
a: Triple Draw, Renounce Religion, Evoke Flight


You were on level 9 of the Dungeon.
You worshipped Nemelex Xobeh.
Nemelex Xobeh was most pleased with you.
You were near starving.

You visited 2 branches of the dungeon, and saw 10 of its levels.
You also visited: Sewer.

You collected 416 gold pieces.

Inventory:

Hand Weapons
 z - a +4 dagger of venom (weapon)
 N - a +2 dagger of electrocution
Armour
 e - a +3 large shield
 R - a +2 shield
Jewellery
 j - a ring of resist corrosion (on tentacle)
 l - an uncursed ring of fire
 n - a ring of flight (right tentacle)
 x - a ring of positive energy (left tentacle)
 A - a +2 amulet of reflection
 B - the amulet "Amioho" (around mantle) {Faith *Slow rN++ Str+10 Dex-5}
   (You found it on level 4 of the Dungeon)

   [amulet of faith]

   It allows you to gain divine favour quickly.
   It affects your strength (+10).
   It affects your dexterity (-5).
   It greatly protects you from negative energy.
   It may slow you when you take damage.
 L - a +5 ring of dexterity (on tentacle)
 P - an uncursed amulet of faith {unknown}
Wands
 b - a wand of flame (4/48)
 c - a wand of enslavement (15/24)
 d - a wand of random effects (15/48)
 s - a wand of flame (9/48)
 t - a wand of flame (33/48)
Scrolls
 a - a scroll of fog
 g - a scroll of identify
 k - a scroll of amnesia
 v - 2 scrolls of remove curse
 w - 3 scrolls of teleportation
 G - a scroll of immolation
 H - a scroll of enchant armour
 I - a scroll of fear
 Q - a scroll of magic mapping
 T - a scroll of vulnerability {unknown}
Potions
 h - 5 potions of curing
 i - 3 potions of brilliance
 m - 2 potions of lignification {unknown}
 o - a potion of heal wounds {unknown}
 p - 3 potions of flight
 C - 4 potions of might
 D - 3 potions of mutation
 K - a potion of berserk rage {unknown}
Books
 q - a book of Maledictions

   Spells                             Type                      Level
   a - Corona                         Hexes                        1
   b - Ensorcelled Hibernation        Hexes/Ice                    2
   c - Confuse                        Hexes                        3
   d - Tukima's Dance                 Hexes                        3
   e - Dazzling Spray                 Conjuration/Hexes            3
 r - a book of Cantrips

   Spells                             Type                      Level
   a - Confusing Touch                Hexes                        1
   b - Animate Skeleton               Necromancy                   1
   c - Summon Small Mammal            Summoning                    1
   d - Apportation                    Translocation                1
Miscellaneous
 E - an ornate deck of summoning
 F - a plain deck of destruction {drawn: 1}
 M - a plain deck of destruction
 S - a plain deck of destruction
Comestibles
 f - 13 bread rations
 u - a royal jelly
 J - 3 fruits
 O - a meat ration


   Skills:
 + Level 7.3 Fighting
 + Level 7.1 Short Blades
 + Level 7.6 Dodging
 + Level 11.1 Stealth
 + Level 8.2 Evocations


You had 9 spell levels left.
You didn't know any spells.

Dungeon Overview and Level Annotations

Branches:
Dungeon (9/15)             Temple (1/1) D:4
   Lair: D:8-11         Orc: D:9-12

Altars:
Ashenzari
Cheibriados
Dithmenos
Elyvilon
Fedhas
Gozag
Hepliaklqana
Kikubaaqudgha
Makhleb
Nemelex Xobeh
Okawaru
Qazlal
Ru
Sif Muna
Trog
Uskayaw
Vehumet
Xom
Yredelemnul
Zin
The Shining One


Innate Abilities, Weirdness & Mutations

You cannot wear most types of armour.
You are very stealthy in the water. (Stealth+)
You are amphibious.
You can wear up to eight rings at the same time.
You can use your tentacles to constrict eight enemies at once.
Your skin changes colour to match your surroundings (Stealth+).
Your rubbery body absorbs attacks. (AC +1, EV +1)


Message History

The two-headed ogre hits you with a giant spiked club!
The two-headed ogre closely misses you.
You barely miss the two-headed ogre. You squeeze the two-headed ogre.
The two-headed ogre is heavily wounded.
The two-headed ogre hits you with a giant spiked club!!
The two-headed ogre hits you with a giant spiked club!
You hit the two-headed ogre.
The two-headed ogre is poisoned.
The two-headed ogre is severely wounded.
Evoke which item? (* to show all) (? for menu, Esc to quit)
You draw a card...
It is the Orb.
You have drawn the Orb.
Press: ? - help, Shift-Dir - straight line, f/p - two-headed ogre
Aim: a two-headed ogre, wielding two giant spiked clubs (severely wounded, poisoned)
The orb of energy hits the two-headed ogre.
The two-headed ogre is almost dead.
The two-headed ogre hits you with a giant spiked club!
* * * LOW HITPOINT WARNING * * *
The two-headed ogre hits you with a giant spiked club!
You die...
Your body glows with a rainbow of weird colours and disappears.
P

#...................#.#
..##..........W........#.#
......................#.#
#..........########.#.#
#....W###### #.#.# #.....#
#####...# #.....#
#...#...# #....O###
#.#....>. #.....@.##
###.######.
#######..####.....# .
##.##..##.##..##.
#.#.####+# #.#.
#.......... .. #.######+##
#. #.. .. ### #. #.


You could see a two-headed ogre and a phantom.

Vanquished Creatures
  A hydra (D:8)
  A two-headed ogre (D:8)
  A meliai (D:8)
  A hippogriff (D:8)
  A vampire (D:9)
  Sigmund (D:3)
  A spriggan (D:7)
  A hungry ghost (D:7)
  A black bear (D:8)
  An ice beast (D:8)
  2 orc warriors
  2 phantoms (D:7)
  A sky beast (D:8)
  11 ogres
  3 centaurs
  5 bullfrogs
  A big kobold (Sewer)
  4 scorpions
  3 killer bees (D:7)
  An electric eel (D:9)
  2 crimson imps (D:6)
  2 bullfrog zombies
  3 hounds
  5 orc priests
  2 jellies
  A centaur skeleton (D:4)
  8 orc wizards
  5 iguanas
  5 worker ants
  A hound skeleton (D:9)
  3 river rats (Sewer)
  9 adders
  4 shadow imps
  An ooze (D:6)
  2 adder skeletons
  2 adder zombies
  A worm (D:5)
  7 leopard geckos
  25 orcs
  8 bats
  8 giant cockroaches
  9 goblins
  2 hobgoblins (D:2)
  10 jackals
  5 quokkas
  2 ball pythons
  6 frilled lizards
  A jackal skeleton (D:7)
  14 kobolds
  A leopard gecko skeleton (D:6)
  11 rats
208 creatures vanquished.

Vanquished Creatures (collateral kills)
  An orc warrior (D:6)
  2 big kobolds
  2 killer bees (D:7)
  A howler monkey (D:6)
  A centaur zombie (D:8)
  An orc priest (D:6)
  2 orc wizards (D:6)
  7 kobolds
17 creatures vanquished.

Vanquished Creatures (others)
  A giant cockroach (D:3)
1 creature vanquished.

Grand Total: 226 creatures vanquished

Notes
Turn   | Place    | Note
-------+----------+-------------------------------------------
     0 | D:1      | NullDivider the Octopode Artificer began the quest for the Orb.
     0 | D:1      | Reached XP level 1. HP: 13/13 MP: 3/3
     0 | D:1      | Noticed a draconian
     6 | D:1      | Noticed a human
    12 | D:1      | Noticed a minotaur
    14 | D:1      | Noticed a merfolk zombie
    14 | D:1      | Noticed a vine stalker
    14 | D:1      | Noticed an ogre
    16 | D:1      | Noticed a vine stalker
   428 | D:1      | Reached skill level 2 in Stealth
   428 | D:1      | Reached XP level 2. HP: 18/18 MP: 4/4
  1290 | D:2      | Reached skill level 3 in Stealth
  1290 | D:2      | Reached XP level 3. HP: 14/24 MP: 5/5
  2153 | D:2      | Reached XP level 4. HP: 29/29 MP: 6/6
  2630 | D:3      | Found a faded altar of an unknown god.
  2639 | D:3      | Noticed Sigmund
  2959 | D:3      | Killed Sigmund
  2959 | D:3      | Reached skill level 5 in Stealth
  2959 | D:3      | Reached XP level 5. HP: 33/35 MP: 7/7
  2959 | D:3      | Reached XP level 6. HP: 38/41 MP: 8/8
  3598 | D:4      | Reached skill level 6 in Stealth
  3598 | D:4      | Reached XP level 7. HP: 33/46 MP: 8/10
  3806 | D:4      | Found a staircase to the Ecumenical Temple.
  3811 | Temple   | Entered the Ecumenical Temple
  3832 | Temple   | Became a worshipper of Nemelex Xobeh the Trickster
  3841 | Temple   | Received a gift from Nemelex Xobeh
  4123 | D:4      | Got a scorched crystal amulet
  4124 | D:4      | Identified the amulet "Amioho" {Faith *Slow rN++ Str+10 Dex-5} (You found it on level 4 of the Dungeon)
  4495 | D:4      | Reached XP level 8. HP: 54/54 MP: 11/11
  5070 | D:5      | Entered Level 5 of the Dungeon
  5217 | D:5      | Reached * piety under Nemelex Xobeh
  5225 | D:5      | Received a gift from Nemelex Xobeh
  5348 | D:5      | Reached skill level 7 in Stealth
  5384 | D:5      | Received a gift from Nemelex Xobeh
  5414 | D:5      | Found a glowing drain.
  5422 | Sewer    | Entered a sewer
  5497 | Sewer    | Reached skill level 5 in Evocations
  5637 | Sewer    | Found a white marble altar of Elyvilon.
  5906 | D:6      | Reached skill level 5 in Dodging
  6070 | D:6      | Reached skill level 5 in Fighting
  6137 | D:6      | Reached skill level 8 in Stealth
  6243 | D:6      | Reached ** piety under Nemelex Xobeh
  6308 | D:6      | Reached XP level 9. HP: 61/61 MP: 13/13
  6309 | D:6      | Received a gift from Nemelex Xobeh
  6798 | D:7      | Reached skill level 5 in Short Blades
  7157 | D:7      | Found a bloodstained altar of Trog.
  7213 | D:7      | Reached skill level 9 in Stealth
  8244 | D:8      | Reached *** piety under Nemelex Xobeh
  8259 | D:8      | Noticed a six-headed hydra
  8569 | D:8      | Received a gift from Nemelex Xobeh
  8620 | D:8      | Reached XP level 10. HP: 68/68 MP: 15/15
  8638 | D:8      | Found a blossoming altar of Fedhas.
  8904 | D:8      | Reached skill level 10 in Stealth
  9210 | D:8      | Noticed a two-headed ogre
  9214 | D:8      | Killed a two-headed ogre
  9263 | D:8      | Found a snail-covered altar of Cheibriados.
  9427 | D:8      | Killed a six-headed hydra
  9959 | D:8      | Noticed a two-headed ogre
 10096 | D:9      | Received a gift from Nemelex Xobeh
 10120 | D:8      | Reached skill level 11 in Stealth
 10308 | D:9      | Noticed a two-headed ogre
 10308 | D:9      | Noticed a two-headed ogre
 10877 | D:9      | Mangled by a two-headed ogre

Skill      XL: |  1  2  3  4  5  6  7  8  9 10 |
---------------+-------------------------------+-----
Stealth        | 2 3 5 6 8 9 11 | 11.1
Fighting       | 2 3 5 6 7 |  7.3
Short Blades   | 2 3 4 5 7 |  7.1
Dodging        | 3 4 5 6 7 |  7.6
Evocations     | 4 5 6 8 |  8.2

Action                   |  1- 3 |  4- 6 |  7- 9 | 10-12 || total
-------------------------+-------+-------+-------+-------++-------
Melee: Dagger            |    74 |    40 |   291 |   114 ||   519
       Constrict         |    25 |     7 |    62 |    25 ||   119
       Tentacles         |    17 |     2 |    79 |    41 ||   139
       Short sword       |     2 |       |       |       ||     2
Evoke: Wand              |       |    10 |       |     1 ||    11
       Deck              |       |       |     4 |     9 ||    13
  Use: Scroll            |     4 |       |    13 |     4 ||    21
       Potion            |       |       |     1 |     1 ||     2
 Stab: Sleeping          |     8 |     9 |    20 |     6 ||    43
       Distracted        |       |       |     1 |     1 ||     2
  Eat: Chunk             |     4 |     4 |    18 |     5 ||    31
Armor: Skin              |     7 |       |     7 |       ||    14
Dodge: Dodged            |    51 |    20 |   165 |    76 ||   312
Block: Other             |       |       |     5 |       ||     5
